 Dungeon Crawl Stone Soup version 0.28-a0-792-g75f770b44e (webtiles) character file.

Game seed: 14376300742852559311

39 Lemonice the Digger (level 3, -2/23 HPs)
             Began as an Octopode Earth Elementalist on Nov 3, 2021.
             Slain by a gnoll (11 damage)
             ... on level 1 of the Dungeon.
             The game lasted 00:02:02 (2104 turns).

Lemonice the Digger (Octopode Earth Elementalist)   Turns: 2104, Time: 00:02:03

Health: -2/23      AC:  1    Str:  8    XL:     3   Next: 47%
Magic:  6/6        EV: 13    Int: 17    God:
Gold:   59         SH:  0    Dex: 12    Spells: 5/6 levels left

rFire   . . .      SeeInvis .   a - +0 dagger
rCold   . . .      Faith    .   (no shield)
rNeg    . . .      Spirit   .   (helmet restricted)
rPois   .          Reflect  .   (no amulet)
rElec   .          Harm     .   (no ring)
rCorr   .          Rampage  .   (no ring)
Will    .....                   (no ring)
Stlth   +++.......              (no ring)
HPRegen 0.07/turn               (no ring)
MPRegen 0.10/turn               (no ring)
                                (no ring)
                                (no ring)

@: no status effects
A: almost no armour, amphibious, 8 rings, camouflage 1, gelatinous body 1,
(nimble swimmer 1), tentacles
a: no special abilities


You were on level 1 of the Dungeon.
You visited 1 branch of the dungeon, and saw 2 of its levels.

You collected 59 gold pieces.

Inventory:

Hand Weapons
 a - a +0 dagger (weapon)
Missiles
 b - 108 stones
Scrolls
 d - a scroll of identify {unknown}
Potions
 c - 2 potions of brilliance {unknown}
 e - a potion of attraction {unknown}
 f - a potion of mutation {unknown}
 g - a potion of degeneration {unknown}


   Skills:
 * Level 1.4 Fighting
 * Level 1.4 Short Blades
 * Level 2.6 Dodging
 + Level 3.0 Stealth
 - Level 2.0 Spellcasting
 - Level 1.0 Transmutations
 - Level 3.0 Earth Magic


You had 5 spell levels left.
You knew the following spells:

 Your Spells              Type           Power      Damage    Failure   Level
a - Sandblast             Erth           22%        2d7       5%          1

Your spell library contained the following spells:

 Spells                   Type           Power      Damage    Failure   Level
 Passwall                 Tmut/Erth      6%         N/A       13%         2
 Stone Arrow              Conj/Erth      12%        3d7       30%         3
 Petrify                  Tmut/Erth      8%         N/A       63%         4


Dungeon Overview and Level Annotations

Branches:
Dungeon (2/15)

Altars:


Innate Abilities, Weirdness & Mutations

You cannot wear most types of armour.
You are amphibious.
You can wear up to eight rings at the same time.
Your skin changes colour to match your surroundings (Stealth+).
Your rubbery body absorbs attacks. (AC +1, EV +1)
((You are camouflaged near water. (Stealth+)))
You have tentacles for arms and can constrict up to eight enemies at once.


Message History

Found a ring mail.
No target in view!
A gnoll comes into view. It is wielding a +0 spear.
A gnoll is nearby!
Found a leather armour. 3 gnolls come into view.
A gnoll is wielding a +0 vorpal spear.
The gnoll shouts!
The gnoll falls through a shaft!
The shaft crumbles and collapses.
The gnoll closely misses you.
The gnoll shouts! x2
You hit the gnoll but do no damage. You grab the gnoll.
You constrict the gnoll, but do no damage.
The gnoll barely misses you. x2
You hit the gnoll but do no damage.
You constrict the gnoll, but do no damage.
The gnoll completely misses you. The gnoll closely misses you.
You hit the gnoll.
The gnoll is lightly wounded.
You constrict the gnoll, but do no damage.
The gnoll hits you from afar with a +0 spear!
The gnoll completely misses you. The gnoll closely misses you.
You hit the gnoll but do no damage.
The gnoll is lightly wounded.
You constrict the gnoll. The gnoll barely misses you.
The gnoll hits you with a +0 club. The gnoll hits you with a +0 flail!
You are too injured to fight recklessly!
You release your grip on the gnoll.
There is a stone staircase leading down here.
There is a stone staircase leading up here.
The gnoll completely misses you.
You climb upwards.
There is a stone staircase leading down here.
You closely miss the gnoll. You grab the gnoll.
The gnoll is lightly wounded.
You constrict the gnoll. The gnoll hits you with a +0 flail.
You hit the gnoll but do no damage.
The gnoll is moderately wounded.
You constrict the gnoll, but do no damage.
The gnoll hits you with a +0 flail!
You die...

...P##.# #....# #.....
....##.# #....# #.....
.[♣♣##.# #....# #..... .♣♣
#.# ###..# #..... P<♣ #.#
####..#######..... ♣♣♣
#.#########...........+.....
#............#..#######.....
###########......##..........
#......)..+.@....''..........
#.##......#..g...##......>###
#.#..............#..).....# #
#.........#......#......### #
####......#......##...### #
#......#......#8...8# #
###....#....).##...#### #
#....#......##...##⌠###8
#...........##..........


You could see a gnoll.

Vanquished Creatures
  2 dart slugs
  3 endoplasms
  2 giant cockroaches (D:1)
  4 goblins (D:1)
  4 hobgoblins
  4 jackals (D:1)
  A quokka (D:2)
  3 ball pythons
  3 bats (D:1)
  A frilled lizard (D:1)
  4 kobolds (D:1)
  2 rats
33 creatures vanquished.

Notes
Turn   | Place    | Note
-------+----------+-------------------------------------------
     0 | D:1      | Lemonice the Octopode Earth Elementalist began the quest
                  | for the Orb.
     0 | D:1      | Reached XP level 1. HP: 11/11 MP: 3/3
   252 | D:1      | Reached XP level 2. HP: 7/18 MP: 5/5
   473 | D:1      | Found a faded altar of an unknown god.
   625 | D:1      | Reached skill level 1 in Fighting
  1009 | D:1      | Reached skill level 1 in Short Blades
  1130 | D:1      | Reached XP level 3. HP: 20/23 MP: 6/6
  2104 | D:1      | Slain by a gnoll

Illustrated notes

Levels and vault maps discovered:
D:1:      kennysheep_arrival_seaside, layout_basic,
          hellmonk_ecumenical_altar_lost_god, corexii_hall_statues_s
D:2:      layout_basic, serial_corexii_hall, corexii_hall_statues_l,
          corexii_hall_statues_l, basic_altar, uniq_natasha,
          uniq_crazy_yiuf_cottage, uniq_sigmund

Skill      XL: |  1  2  3 |
---------------+----------+-----
Fighting       | 1 |  1.4
Short Blades   | 1 |  1.4
Stealth        | 3 |  3.0
Dodging        | |  2.6
Spellcasting   | |  2.0
Transmutations | |  1.0
Earth Magic    | |  3.0

Action                   || total
-------------------------++-------
Melee: Dagger            ||   112
       Constrict         ||    24
       Tentacles         ||    17
       Unarmed           ||     1
 Stab: Sleeping          ||     8
Armor: Skin              ||    10
Dodge: Dodged            ||    80

Table legend: (Time is in decaauts)
 A = Elapsed time spent in this place.
 B = Non-inter-level travel time spent in this place.
 C = Inter-level travel time spent in this place.
 D = Time resting spent in this place.
 E = Time spent auto-exploring this place.
 F = Levels seen in this place.
 G = Mean time per level.
                   A        B        C        D        E       F      G
               +--------+--------+--------+--------+--------+-----+--------+
         Total |   2099 |   2064 |     35 |      0 |   1723 |   2 | 1049.5 |
       Dungeon |   2099 |   2064 |     35 |      0 |   1723 |   2 | 1049.5 |
               +--------+--------+--------+--------+--------+-----+--------+

Top non-repeatable levels by time:
     D:1: 1587 daAuts
     D:2: 512 daAuts
